 Dungeon Crawl Stone Soup version 0.29-a0-397-g846e4a0bbc (webtiles) character file.

Game seed: 6885195569624316216

687287 holysushi the Acrobat (level 27, -10/203 HPs)
             Began as an Octopode Venom Mage on May 11, 2022.
             Was the Champion of Vehumet.
             Mangled by an Executioner (19 damage)
             ... summoned by Gloorx Vloq
             ... in Pandemonium on May 12, 2022.
             The game lasted 05:01:43 (100668 turns).

holysushi the Acrobat (Octopode Venom Mage)       Turns: 100668, Time: 05:01:43

Health: -10/203    AC:  7    Str: 12    XL:     27
Magic:  20/52      EV: 46    Int: 43    God:    Vehumet [******]
Gold:   10402      SH:  0    Dex: 31    Spells: 7/58 levels left

rFire   + . .      SeeInvis +   N - +9 halberd of the Crafting Ancients {freeze, rC++ Int+4}
rCold   + + +      Faith    .   (shield currently unavailable)
rNeg    . . .      Spirit   .   J - +2 hat {Int+3}
rPois   +          Reflect  .   t - amulet "Wutasaem" {Acrobat Int+3}
rElec   .          Harm     .   n - ring of willpower
rCorr   +          Rampage  .   f - ring of magical power
Will    +++..                   T - ring of Cenwura {rF+ AC+4 Str+5 Int+4 Slay-4}
Stlth   +++++++...              V - ring of the Clam {rCorr Dex+4 SInv Stlth+}
HPRegen 1.23/turn               G - +6 ring of dexterity
MPRegen 0.33/turn               d - +4 ring of evasion
                                g - +6 ring of intelligence
                                R - ring of the Townfolk {Drain +Blink rPois rC+}

@: lethally poisoned (-10 -> -10), about to teleport, on blink cooldown, slowed,
studying Staves, very slow
A: almost no armour, amphibious, 8 rings, camouflage 1, gelatinous body 1,
(nimble swimmer 1), tentacles, deterioration 1, regeneration 1, MP-powered wands
}: 6/15 runes: barnacled, silver, obsidian, glowing, magical, gossamer
a: Renounce Religion, Evoke Blink


You were in Pandemonium.
You worshipped Vehumet.
Vehumet was exalted by your worship.
You visited 13 branches of the dungeon, and saw 54 of its levels.
You visited Pandemonium 1 time, and saw 9 of its levels.
You also visited: Trove, Ossuary, Gauntlet, Ice Cave, Volcano and Wizlab.

You collected 12511 gold pieces.
You spent 2109 gold pieces at shops.

Inventory:

Hand Weapons
 b - the +9 mace of the Firefly {spect, Dex+7}
   (You found it on level 7 of the Dungeon)

   When its wielder attacks, the weapon's spirit leaps out and strikes again.
   The spirit shares a part of any damage it takes with its wielder.
   Dex:       It affects your dexterity (+7).
 H - the +7 sceptre of Asmodeus
   (You took it off Asmodeus on level 7 of Gehenna)

   It can be evoked to summon fiery demons, with success rate depending on
   Evocations skill.
   Those summoned this way will remain friendly only for a limited time.
 N - the +9 halberd of the Crafting Ancients (weapon) {freeze, rC++ Int+4}
   (You found it on level 1 of the Depths)

   It freezes those it strikes, dealing additional cold damage.
   It can also slow down cold-blooded creatures.
   Int:       It affects your intelligence (+4).
   rC:        It greatly protects you from cold.
Armour
 J - a +2 hat of intelligence (worn)
Jewellery
 a - the ring of Lounuar {rElec rF++ rC+ Int-2}
   (You found it in a treasure trove)

   [ring of protection from cold]

   Int:       It affects your intelligence (-2).
   rF:        It greatly protects you from fire.
   rC:        It protects you from cold.
   rElec:     It insulates you from electricity.
 d - a +4 ring of evasion (on tentacle)
 f - a ring of magical power (right tentacle)
 g - a +6 ring of intelligence (on tentacle)
 n - a ring of willpower (left tentacle)
 o - an amulet of magic regeneration
 t - the amulet "Wutasaem" (around mantle) {Acrobat Int+3}
   (You took it off a deep elf annihilator on level 3 of the Elven Halls)

   [amulet of the acrobat]

   It increases your evasion while moving and waiting.
   Int:       It affects your intelligence (+3).
 C - a ring of positive energy
 G - a +6 ring of dexterity (on tentacle)
 R - the ring of the Townfolk (on tentacle) {Drain +Blink rPois rC+}
   (You found it on level 3 of the Vaults)

   [ring of protection from cold]

   rC:        It protects you from cold.
   rPois:     It protects you from poison.
   +Blink:    It lets you blink.
   Drain:     It drains your maximum health when unequipped.
 T - the ring of Cenwura (on tentacle) {rF+ AC+4 Str+5 Int+4 Slay-4}
   (You found it in a Gauntlet)

   [ring of protection]

   AC:        It affects your AC (+4).
   Str:       It affects your strength (+5).
   Int:       It affects your intelligence (+4).
   Slay:      It affects your accuracy & damage with ranged weapons and melee
   (-4).
   rF:        It protects you from fire.
 V - the ring of the Clam (on tentacle) {rCorr Dex+4 SInv Stlth+}
   (You found it on level 2 of the Shoals)

   [ring of see invisible]

   Dex:       It affects your dexterity (+4).
   SInv:      It lets you see invisible.
   rCorr:     It protects you from acid and corrosion.
   Stlth:     It makes you more stealthy.
Wands
 j - a wand of acid (18)
 w - a wand of digging (30)
 x - a wand of flame (55)
 y - a wand of paralysis (35)
 D - a wand of iceblast (42)
Scrolls
 c - 3 scrolls of magic mapping
 p - 15 scrolls of amnesia
 s - 22 scrolls of teleportation
 z - 7 scrolls of silence
 B - 4 scrolls of vulnerability
 E - 11 scrolls of fear
 M - 9 scrolls of fog
 O - 15 scrolls of immolation
 S - 6 scrolls of summoning
Potions
 e - 9 potions of invisibility
 i - 12 potions of curing
 k - 12 potions of brilliance
 l - 14 potions of might
 m - 9 potions of haste
 r - 10 potions of attraction
 u - 6 potions of mutation
 v - 5 potions of cancellation
 A - 4 potions of resistance
 F - 9 potions of flight
 K - 7 potions of lignification
 L - 8 potions of berserk rage
 U - 13 potions of heal wounds
 Y - 8 potions of magic
 Z - 12 potions of ambrosia
Miscellaneous
 h - a box of beasts
 q - a phantom mirror
 I - a condenser vane
 Q - the horn of Geryon


   Skills:
 + Level 20.7 Fighting
 - Level 6.0 Staves
 - Level 24.0 Dodging
 - Level 10.0 Stealth
 * Level 23.1 Unarmed Combat
 - Level 16.3 Spellcasting
 - Level 4.1 Necromancy
 - Level 16.9 Translocations
 - Level 14.0 Transmutations
 - Level 4.0 Earth Magic
 - Level 15.4 Poison Magic
 - Level 11.4 Evocations


You had 7 spell levels left.
You knew the following spells:

 Your Spells              Type           Power      Damage    Failure   Level
a - Dragon Form           Tmut           50%        N/A       1%          7
b - Manifold Assault      Tloc           100%       N/A       1%          5
c - Death Channel         Necr           31%        N/A       22%         6
d - Olgreb's Toxic Radia  Pois           100%       N/A       0%          4
e - Ignite Poison         Fire/Tmut/Pois 88%        N/A       1%          3
f - Eringya's Noxious Bo  Tmut/Pois      52%        N/A       1%          6
g - Lee's Rapid Deconstr  Erth           31%        3d17*     1%          5
h - Dispel Undead         Necr           63%        3d22      1%          4
i - Irradiate             Conj/Tmut      38%        3d26      1%          5
j - Sting                 Tmut/Pois      100%       1d8       0%          1
k - Poisonous Vapours     Pois/Air       100%       N/A       1%          2
l - Mephitic Cloud        Conj/Pois/Air  68%        N/A       1%          3

Your spell library contained the following spells:

 Spells                   Type           Power      Damage    Failure   Level
 Blink                    Tloc           100%       N/A       0%          2
 Lesser Beckoning         Tloc           100%       N/A       0%          3
 Spider Form              Tmut/Pois      100%       N/A       0%          3
 Passage of Golubria      Tloc           100%       N/A       0%          4
 Animate Skeleton         Necr           100%       N/A       1%          1
 Foxfire                  Conj/Fire      100%       2x1d9     1%          1
 Freeze                   Ice            100%       1d11      1%          1
 Magic Dart               Conj           100%       1d8       1%          1
 Pain                     Necr           100%       1d9       1%          1
 Sandblast                Erth           100%       2d20      1%          1
 Shock                    Conj/Air       100%       1d9       1%          1
 Slow                     Hex            100%       N/A       1%          1
 Corpse Rot               Necr/Air       100%       N/A       1%          2
 Ensorcelled Hibernation  Hex/Ice        70%        N/A       1%          2
 Passwall                 Tmut/Erth      70%        N/A       1%          2
 Searing Ray              Conj           70%        2d7       1%          2
 Static Discharge         Conj/Air       35%        N/A       1%          2
 Conjure Flame            Conj/Fire      35%        6-21      1%          3
 Dazzling Flash           Conj/Hex       70%        N/A       1%          3
 Frozen Ramparts          Ice            70%        1d9       1%          3
 Portal Projectile        Hex/Tloc       100%       N/A       1%          3
 Stone Arrow              Conj/Erth      100%       3d13      1%          3
 Vampiric Draining        Necr           63%        2d10      1%          3
 Ice Form                 Ice/Tmut       76%        N/A       1%          4
 Iskenderun's Mystic Bla  Conj/Tloc      82%        2d16      1%          4
 Blade Hands              Tmut           50%        N/A       1%          5
 Summon Forest            Summ/Tloc      41%        N/A       1%          5
 Yara's Violent Unravell  Hex/Tmut       38%        3d15      1%          5
 Dispersal                Tloc           55%        N/A       1%          6
 Call Canine Familiar     Summ           35%        N/A       2%          3
 Confusing Touch          Hex            35%        N/A       2%          3
 Ozocubu's Armour         Ice            35%        N/A       2%          3
 Summon Guardian Golem    Hex/Summ       35%        N/A       2%          3
 Swiftness                Air            35%        N/A       2%          3
 Tukima's Dance           Hex            35%        N/A       2%          3
 Airstrike                Air            17%        N/A       2%          4
 Fulminant Prism          Conj/Hex       17%        3d11      2%          4
 Hailstorm                Conj/Ice       35%        3d9       2%          4
 Sticky Flame             Conj/Fire      35%        2d5       2%          4
 Anguish                  Hex/Necr       26%        N/A       3%          4
 Leda's Liquefaction      Hex/Erth       25%        N/A       3%          4
 Agony                    Necr           63%        N/A       3%          5
 Excruciating Wounds      Necr           31%        N/A       3%          5
 Freezing Cloud           Conj/Ice/Air   17%        6-21      5%          5
 Iskenderun's Battlesphe  Conj           35%        2d9       5%          5
 Lightning Bolt           Conj/Air       17%        1d32      5%          5
 Cause Fear               Hex            17%        N/A       8%          4
 Summon Ice Beast         Ice/Summ       35%        N/A       8%          4
 Summon Lightning Spire   Summ/Air       35%        N/A       8%          4
 Iron Shot                Conj/Erth      25%        9d5       13%         6
 Metabolic Englaciation   Hex/Ice        17%        N/A       21%         5
 Silence                  Hex/Air        17%        N/A       21%         5
 Summon Mana Viper        Hex/Summ       35%        N/A       21%         5
 Malign Gateway           Summ/Tloc      41%        N/A       21%         7
 Starburst                Conj/Fire      17%        6d6       28%         6
 Storm Form               Tmut/Air       38%        N/A       34%         7
 Simulacrum               Ice/Necr       26%        N/A       45%         6
 Summon Cactus Giant      Summ           17%        N/A       75%         6
 Ozocubu's Refrigeration  Ice            17%        4d8       80%         7
 Spellforged Servitor     Conj/Summ      17%        N/A       80%         7
 Enfeeble                 Hex            17%        N/A       99%         7
 Monstrous Menagerie      Summ           17%        N/A       99%         7
 Summon Hydra             Summ           17%        N/A       99%         7
 Disjunction              Tloc           55%        N/A       4%          8
 Lehudib's Crystal Spear  Conj/Erth      25%        10d7      99%         8
 Discord                  Hex            17%        N/A       100%        8
 Ignition                 Fire           17%        3d7       100%        8
 Maxwell's Capacitive Co  Air            17%        ∞         100%        8
 Summon Horrible Things   Summ           17%        N/A       100%        8
 Chain Lightning          Conj/Air       17%        3d23      100%        9
 Death's Door             Necr           31%        N/A       100%        9
 Dragon's Call            Summ           17%        N/A       100%        9
 Fire Storm               Conj/Fire      17%        8d5       100%        9
 Shatter                  Erth           31%        3d25*     100%        9
 Animate Armour           Summ/Erth      Unusable   N/A       N/A         4

Dungeon Overview and Level Annotations

Branches:
Dungeon (15/15)            Temple (1/1) D:5            Lair (6/6) D:8
 Shoals (4/4) Lair:3       Spider (4/4) Lair:4        Slime (1/5) Lair:6
    Orc (2/2) D:10            Elf (3/3) Orc:2        Vaults (5/5) D:14
  Crypt (1/3) Vaults:3     Depths (4/4) D:15           Hell (visited)
    Dis (0/7) Hell            Geh (7/7) Hell            Coc (0/7) Hell
    Tar (0/7) Hell            Zot (0/5) Depths:4    Ossuary (visited)
  IceCv (visited)         Volcano (visited)          WizLab (visited)
Gauntlet (visited)

Altars:
Ashenzari
Cheibriados
Dithmenos
Elyvilon
Fedhas
Gozag
Hepliaklqana
Kikubaaqudgha
Makhleb
Nemelex Xobeh
Okawaru
Qazlal
Ru
Sif Muna
Trog
Uskayaw
Vehumet
Wu Jian
Xom
Yredelemnul
Zin
The Shining One
Beogh

Shops:
D:1 :   D:7 [   D:15 [   Orc:2 *(!(   Elf:1 *[(?:   Elf:2 (   Shoals:1 [
Shoals:2 [[?=   Shoals:3 (   Vaults:1 [

Portals:
Hell: Depths:1 Depths:2 Depths:3 Depths:4
Abyss: Depths:3
Pandemonium: Depths:2
Ziggurat: Depths:1

Annotations:
D:3 exclusions: downstairs, orc and water moccasin
D:4 4 runed translucent doors, exclusion: 2 doors
D:6 exclusion: downstairs
Lair:2 1 runed translucent door, Sekkong's ghost, journeyman MiFi
Lair:3 2 runed translucent doors, dolemite99's ghost, journeyman MiGl
Lair:6 3 runed translucent doors, pyrow613's ghost, journeyman DgCj
Elf:2 3 runed translucent doors
Vaults:3 exclusion: downstairs
Pan Gloorx Vloq


Innate Abilities, Weirdness & Mutations

You cannot wear most types of armour.
You are amphibious.
You can wear up to eight rings at the same time.
Your skin changes colour to match your surroundings (Stealth+).
Your rubbery body absorbs attacks. (AC +1, EV +1)
((You are camouflaged when in or above water. (Stealth+)))
You have tentacles for arms and can constrict up to eight enemies at once.
Your body sometimes deteriorates upon taking damage.
Your natural rate of healing is unusually fast.
You expend magic power (3 MP) to strengthen your wands.


Message History

The Executioner completely misses you. x3
Gloorx Vloq calls on the powers of darkness!
Your body is wracked with pain!
* * * LOW HITPOINT WARNING * * *
The Executioner completely misses you. x3
Gloorx Vloq gestures.
The Executioner misses you. The Executioner completely misses you.
The Executioner hits you!
* * * LOW HITPOINT WARNING * * *
Gloorx Vloq completely misses you. The Executioner closely misses you.
The Executioner hits you but does no damage.
The Executioner completely misses you.
Gloorx Vloq calls on the powers of darkness!
Your body is wracked with pain!
* * * LOW HITPOINT WARNING * * *
Blink to where?
Press: ? - help, Dir - move target
As you read the scroll of blinking, it crumbles to dust.
You feel very sick.
As you read the scroll of teleportation, it crumbles to dust.
You feel strangely unstable.
You feel sick.
The Executioner gestures.
The Executioner seems to speed up.
The Executioner closely misses you.
The Executioner hits you but does no damage.
The Executioner completely misses you. x4
Unknown command.
Okay, then.
You blink.
You feel sick. The Executioner misses you.
The Executioner completely misses you. The Executioner hits you.
* * * LOW HITPOINT WARNING * * *
The Executioner closely misses you. The Executioner misses you. x3
The Executioner completely misses you. x2
Gloorx Vloq calls on the powers of darkness!
Your body is wracked with pain!
* * * LOW HITPOINT WARNING * * *
The Executioner misses you. The Executioner barely misses you.
The Executioner misses you.
The Executioner completely misses you. x2
The Executioner hits you but does no damage.
The Executioner hits you!!
You die...

#.#.#.#.# . # ##.[...#
#.#. #...#...#..
#..###.1.#.1.'.
#.#.#......
..φ.1...&1...#.
#...'...# ## #...#...#.
#.#[#.#.# .## #.....#.#
#. #...#.#.##
..##.....##. #.
#.#.#.#§.#####.##.#####.
#.
#...#.##1.&11..........
#.
#.#.#..#####@.$.....##
#...##................
#.#.####'####'########'#
#.......................
#.#.#.#.#.#.#.#..#.#.#.
#....................$..
########################


You could see Gloorx Vloq and 3 Executioners.

Vanquished Creatures
  Asmodeus (Geh:7)
  Mnoleg (Pan)
  the Serpent of Hell (Geh:7)
  Lom Lobon (Pan)
  4 dread liches
  An ancient lich (Geh:1)
  Mara (Depths:3)
  A juggernaut (Depths:3)
  The ghost of Qemeisho the Slayer, a master DsGl of Makhleb (Vaults:3)
  Sojobo (Vaults:4)
  Frederick (Vaults:4)
  A caustic shrike (shapeshifter) (Vaults:5)
  2 pandemonium lords (Pan)
  Geryon (Hell)
  Xtahua (Vaults:5)
  A golden dragon (Depths:2)
  The ghost of Galytir the Slayer, an adept HOFi of Beogh (Vaults:4)
  Nikola (Spider:4)
  A caustic shrike (Depths:2)
  16 Brimstone Fiends
  3 bone dragons
  3 Tzitzimimeh
  4 doom hounds (Hell)
  8 hellephants
  Rupert (D:15)
  13 tentacled monstrosities
  4 Hell Sentinels (Pan)
  22 searing wretches
  4 liches
  The ghost of Laraso the Fencer, an adept DjGl of Fedhas (Shoals:1)
  Asterion (Spider:3)
  2 deep elf blademasters (Elf:3)
  8 titans
  The ghost of Nuroishry the Brawler, an adept TrMo of Trog (Shoals:2)
  A quicksilver dragon (Vaults:5)
  2 deep elf master archers (Elf:3)
  16 Executioners (Pan)
  9 storm dragons
  A sphinx (Vaults:4)
  Gastronok (Lair:2)
  4 shadow dragons
  7 tengu reavers
  Donald (Spider:4)
  7 frost giants
  4 emperor scorpions
  11 fire giants
  2 draconian monks (Depths:4)
  A daeva (Depths:1)
  18 vault wardens
  23 balrugs
  6 iron dragons
  A draconian knight (WizLab)
  2 orc warlords (Vaults:3)
  A draconian scorcher (Depths:4)
  10 deep elf sorcerers
  14 cacodemons
  Louise (Elf:1)
  2 curse skulls (Pan)
  3 deep elf elementalists (Elf:3)
  A caustic shrike zombie (Depths:2)
  7 ghost moths
  3 ghouls (Crypt:1)
  28 very ugly things
  8 demonspawn blood saints (Pan)
  4 demonspawn corrupters (Pan)
  7 ironbound thunderhulks
  3 draconian annihilators (Pan)
  20 ironbound preservers
  7 broodmothers
  5 war gargoyles
  12 reapers
  9 stone giants
  A black draconian (Depths:4)
  9 lorocyprocas (Pan)
  7 vampire knights
  7 entropy weavers
  2 green draconians (Depths:4)
  A minotaur (Gauntlet)
  4 deep elf demonologists
  An entropy weaver (shapeshifter) (Vaults:5)
  2 red draconians (Depths:4)
  2 demonspawn black suns (Pan)
  2 spark wasps (Spider:4)
  13 deep elf annihilators
  A minotaur (shapeshifter) (Vaults:5)
  6 dire elephants
  5 eidola
  11 purple draconians
  11 deep elf death magi
  5 fire dragons
  5 green deaths
  9 ettins
  11 blizzard demons
  9 statues (WizLab)
  9 merfolk impalers
  4 crystal guardians (Depths:1)
  6 merfolk javelineers
  9 deep elf high priests
  A peacekeeper (Vaults:2)
  12 yaktaur captains
  6 great orbs of eyes
  A kraken zombie (Hell)
  A spriggan zombie (Crypt:1)
  9 hydras
  11 salamander tyrants
  5 hell beasts
  3 rakshasas
  2 ogre magi
  A spriggan skeleton (Depths:1)
  46 vault guards
  6 spriggan air magi
  5 boulder beetles
  5 ice dragons
  3 jorogumos
  A catoblepas (Lair:4)
  9 ironbound frosthearts
  An alligator snapping turtle (Shoals:3)
  4 radroaches
  6 merfolk avatars
  4 satyrs
  A two-headed ogre (D:10)
  18 centaur warriors
  7 merfolk aquamancers
  5 stokers
  The ghost of CowFu the Carver, a novice MiFi of the Shining One (D:8)
  6 tengu warriors
  13 deep troll shamans
  14 dancing weapons
  12 deep troll earth magi
  4 vampire magi
  2 orc high priests (Vaults:3)
  A shock serpent (shapeshifter) (Depths:4)
  3 spriggan berserkers
  2 titan zombies (Depths:1)
  18 soul eaters
  13 deep elf knights
  33 hell hogs
  3 shock serpents (Pan)
  6 hell knights (Hell)
  A titan skeleton (Pan)
  13 sun demons
  A fire crab (shapeshifter) (D:15)
  A death drake (shapeshifter) (Vaults:5)
  6 sixfirhies (Pan)
  10 skeletal warriors
  3 pharaoh ants
  2 sun moths (Spider:4)
  2 anaconda zombies
  A storm dragon skeleton (Pan)
  21 sea snakes
  14 iron trolls
  7 shadow wraiths
  4 glowing orange brains
  A glowing orange brain (shapeshifter) (D:10)
  10 orb spiders
  54 deep trolls
  4 shadow demons (Pan)
  An orb spider (shapeshifter) (Vaults:5)
  8 flayed ghosts
  2 steelbarb worms
  A lindwurm (shapeshifter) (Vaults:1)
  A golden dragon skeleton (Depths:2)
  17 lindwurms
  A tengu zombie (Depths:2)
  32 harpies
  8 necromancers
  An iron giant skeleton (Crypt:1)
  An orange crystal statue (Depths:1)
  A sphinx zombie (Depths:2)
  39 deep elf pyromancers
  32 deep elf zephyrmancers
  9 deep elf archers
  6 phantasmal warriors
  An anaconda skeleton (Pan)
  2 bunyip skeletons
  17 ironbound convokers
  A frost giant zombie (Depths:1)
  14 wizards
  5 orc knights
  15 wolf spiders
  A tengu skeleton (Vaults:4)
  5 orc sorcerers (Orc:2)
  A shadow dragon skeleton (Vaults:4)
  2 fire giant zombies
  3 shining eyes (Pan)
  A salamander (Depths:2)
  33 ugly things
  12 cyclopes
  17 fauns
  3 centaur zombies (D:15)
  6 moths of wrath
  A faun (shapeshifter) (Depths:4)
  16 manticores
  3 black mambas
  4 merfolk sirens
  12 elephants
  6 rust devils (Hell)
  A stone giant skeleton (Geh:1)
  25 smoke demons
  A naga mage (D:15)
  16 vault sentinels
  2 fire giant skeletons
  9 molten gargoyles
  9 torpor snails
  6 gargoyles
  11 orange demons
  8 water nymphs
  3 eyes of devastation (Pan)
  3 centaur skeletons
  2 unseen horrors (D:10)
  10 cane toads
  2 kobold demonologists
  Maggie (D:6)
  An elf (Vaults:2)
  18 demonic crawlers
  A rime drake (Lair:6)
  An efreet (Gauntlet)
  10 komodo dragons
  11 hellions
  A komodo dragon (shapeshifter) (D:10)
  4 freezing wraiths
  A sea snake zombie (Hell)
  42 yaktaurs
  A golden dragon simulacrum (Crypt:1)
  10 hellwings
  20 tengu conjurers
  A white draconian skeleton (Crypt:1)
  6 tormentors
  5 ice devils
  2 elf skeletons
  2 hydra zombies (Hell)
  A red devil (Hell)
  A red draconian skeleton (Crypt:1)
  A yellow draconian skeleton (Crypt:1)
  4 trolls
  6 wind drakes
  2 merfolk (shapeshifter) (Vaults:1)
  3 meliai (D:14)
  A meliai (shapeshifter) (D:15)
  3 harpy zombies
  24 merfolk
  5 polar bears
  2 hydra skeletons
  5 hornets
  11 blink frogs
  A hornet (shapeshifter) (Elf:3)
  27 tarantellas
  A dream sheep (shapeshifter) (Elf:3)
  54 slime creatures
  3 harpy skeletons (Pan)
  A wind drake (shapeshifter) (D:15)
  A fire dragon zombie (Geh:5)
  15 dream sheep
  A death drake skeleton (Crypt:1)
  16 snapping turtles
  Sigmund (D:6)
  2 air elementals
  22 jumping spiders
  A centaur simulacrum (D:14)
  An iron dragon simulacrum (Depths:2)
  23 culicivoras
  2 spriggans (Depths:2)
  4 ynoxinuls
  An ettin skeleton (Pan)
  An alligator skeleton (Hell)
  9 wyverns
  23 water elementals
  32 yaks
  A human (Vaults:2)
  5 steam dragons
  5 golden eyes
  5 basilisks
  5 fire elementals
  3 vampire mosquitoes (D:13)
  3 fire bats (Lair:2)
  65 redbacks
  16 neqoxecs (Pan)
  14 chaos spawn
  Menkaure (Ossuary)
  3 death yak simulacra
  6 wargs (Orc:2)
  4 acid dragons
  A swamp worm (shapeshifter) (Vaults:5)
  Duvessa (D:7)
  23 water moccasins
  17 large abominations
  A naga skeleton (Pan)
  4 floating eyes
  24 orc warriors
  A sky beast (D:7)
  An alligator simulacrum (Hell)
  2 human zombies (Vaults:4)
  5 ice beasts
  8 ogres
  4 boggarts (D:15)
  13 wolves
  10 centaurs
  A komodo dragon zombie (Crypt:1)
  8 kobold brigands
  3 scorpions
  2 earth elementals
  13 bullfrogs
  A two-headed ogre simulacrum (IceCv)
  A necrophage (Crypt:1)
  3 wights (D:10)
  Dowan (D:7)
  11 killer bees
  4 small abominations (Gauntlet)
  3 howler monkeys
  2 electric eels (D:13)
  2 jellies
  2 hounds
  Crazy Yiuf (D:7)
  12 orc priests
  4 iguanas
  44 orc wizards
  A polar bear simulacrum (Lair:4)
  10 hell rats
  A spriggan simulacrum (IceCv)
  An ogre skeleton (Crypt:1)
  3 mummies (Ossuary)
  Robin (D:2)
  4 gnolls
  10 adders
  A howler monkey simulacrum (D:8)
  8 white imps
  An ufetubus (D:7)
  2 worms
  6 dart slugs
  82 orcs
  12 ball pythons
  6 bats
  7 endoplasms
  6 giant cockroaches
  2 gnoll zombies (Ossuary)
  11 hobgoblins
  10 jackals
  30 kobolds
  6 quokkas
  A ball python skeleton (Crypt:1)
  3 frilled lizards
  3 gnoll skeletons (Ossuary)
  23 goblins
  6 goblin skeletons (Ossuary)
  4 goblin zombies (Ossuary)
  2 hobgoblin skeletons (Ossuary)
  5 hobgoblin zombies (Ossuary)
  6 kobold skeletons (Ossuary)
  5 kobold zombies (Ossuary)
  2 orc skeletons (Ossuary)
  5 orc zombies (Ossuary)
  5 rats
  6 rat skeletons (Ossuary)
  4 rat zombies (Ossuary)
  5 creeping infernos
  37 fire vortices
  A tentacle (Hell)
2598 creatures vanquished.

Vanquished Creatures (collateral kills)
  A gargoyle (D:10)
  A komodo dragon (D:10)
  A steam dragon (D:10)
  A basilisk (Lair:1)
  An acid dragon (D:10)
5 creatures vanquished.

Vanquished Creatures (others)
  Agnes (Spider:4)
  A blizzard demon (Pan)
  An orc (Orc:2)
  A bush (D:8)
  55 fungi
  148 plants
  3 tentacles (Hell)
210 creatures vanquished.

Grand Total: 2813 creatures vanquished

Notes
Turn   | Place    | Note
-------+----------+-------------------------------------------
     0 | D:1      | holysushi the Octopode Venom Mage began the quest for the
                  | Orb.
     0 | D:1      | Reached XP level 1. HP: 11/11 MP: 3/3
   216 | D:1      | Reached XP level 2. HP: 17/17 MP: 0/5
   670 | D:1      | Found Higoit's Book Shoppe.
   670 | D:1      | You fall into a shaft and drop 1 floor!
   842 | D:1      | Reached skill level 5 in Poison Magic
   842 | D:1      | Reached XP level 3. HP: 21/21 MP: 6/6
  1212 | D:2      | Noticed Robin
  1214 | D:2      | Learned a level 2 spell: Poisonous Vapours
  1218 | D:2      | Killed Robin
  1303 | D:2      | Learned a level 3 spell: Mephitic Cloud
  1432 | D:2      | Reached XP level 4. HP: 27/27 MP: 7/7
  2624 | D:3      | Reached XP level 5. HP: 26/31 MP: 8/8
  3507 | D:3      | Reached skill level 1 in Fighting
  3754 | D:3      | Noticed a water moccasin
  4305 | D:4      | Found a large runed translucent door.
  4305 | D:4      | Found a large runed translucent door.
  4353 | D:4      | Found a large runed translucent door.
  4353 | D:4      | Found a large runed translucent door.
  4435 | D:4      | Noticed a yak
  4882 | D:4      | Found a hide-covered altar of Uskayaw.
  4959 | D:4      | Reached XP level 6. HP: 39/39 MP: 9/9
  5543 | D:3      | Killed a yak
  5544 | D:3      | Reached skill level 3 in Dodging
  5690 | D:5      | Entered Level 5 of the Dungeon
  5765 | D:5      | Noticed a water moccasin
  5857 | D:5      | Reached XP level 7. HP: 36/46 MP: 10/10
  5943 | D:5      | Found a staircase to the Ecumenical Temple.
  5950 | Temple   | Entered the Ecumenical Temple
  5997 | Temple   | Became a worshipper of Vehumet
  6013 | D:5      | Found a sand-covered staircase.
  6020 | D:5      | Reached skill level 1 in Evocations
  6049 | Ossuary  | Entered an ossuary
  6559 | Ossuary  | Reached * piety under Vehumet
  6559 | Ossuary  | Offered knowledge of Shock by Vehumet.
  7291 | Ossuary  | Reached ** piety under Vehumet
  7322 | Ossuary  | Noticed Menkaure
  7351 | Ossuary  | Offered knowledge of Static Discharge by Vehumet.
  7487 | Ossuary  | Killed Menkaure
  8485 | D:6      | Reached skill level 4 in Dodging
  8795 | D:6      | Noticed Maggie
  8826 | D:6      | Killed Maggie
  8827 | D:6      | Reached skill level 5 in Evocations
  8827 | D:6      | Reached XP level 8. HP: 30/52 MP: 12/12
  9092 | D:6      | Noticed Sigmund
  9111 | D:6      | Killed Sigmund
  9112 | D:6      | Reached skill level 5 in Dodging
  9112 | D:6      | Reached skill level 5 in Stealth
 10035 | D:6      | Found an ornate altar of the Wu Jian Council.
 10035 | D:6      | Found an opulent altar of Gozag.
 10035 | D:6      | Found a glowing golden altar of the Shining One.
 10156 | D:7      | Reached skill level 6 in Dodging
 10381 | D:7      | Noticed Dowan
 10386 | D:7      | Noticed Duvessa
 10917 | D:7      | Learned a level 4 spell: Olgreb's Toxic Radiance
 10939 | D:7      | Killed Duvessa
 10939 | D:7      | Killed Dowan
 10940 | D:7      | Reached skill level 7 in Dodging
 10940 | D:7      | Reached XP level 9. HP: 56/56 MP: 15/15
 11374 | D:7      | Offered knowledge of Ignite Poison by Vehumet.
 11382 | D:7      | Learned a level 3 spell: Ignite Poison
 11539 | D:7      | Found Fraech's Dragon-Slaying Spoils.
 11593 | D:7      | Found a runed translucent door.
 11594 | D:7      | Noticed Crazy Yiuf
 12165 | D:7      | Killed Crazy Yiuf
 12405 | D:7      | Identified a scroll of acquirement
 12405 | D:7      | Acquired 769 gold pieces
 12538 | D:1      | Bought a Fen Folio for 588 gold pieces
 12720 | D:5      | Reached skill level 8 in Dodging
 12949 | D:8      | Reached *** piety under Vehumet
 12957 | D:8      | Reached skill level 1 in Staves
 13174 | D:8      | Reached skill level 5 in Spellcasting
 13174 | D:8      | Reached XP level 10. HP: 39/63 MP: 17/17
 13465 | D:8      | Offered knowledge of Conjure Flame by Vehumet.
 13472 | D:8      | Reached skill level 9 in Dodging
 13685 | D:8      | Found a staircase to the Lair.
 13868 | D:8      | Found a runed translucent gate.
 13868 | D:8      | Found a runed translucent gate.
 13868 | D:8      | Found a runed translucent gate.
 13901 | D:8      | Noticed CowFu's ghost (novice MiFi)
 13931 | D:8      | Learned a level 6 spell: Eringya's Noxious Bog
 14195 | D:9      | Noticed a gargoyle
 14200 | D:9      | Noticed a gargoyle
 14200 | D:9      | Noticed a gargoyle
 14202 | D:9      | Noticed a gargoyle
 14366 | Lair:1   | Entered Level 1 of the Lair of Beasts
 14921 | Lair:1   | Noticed a black mamba
 14940 | Lair:1   | Killed a black mamba
 15321 | Lair:1   | Reached skill level 5 in Transmutations
 15485 | Lair:1   | Reached skill level 10 in Poison Magic
 15485 | Lair:1   | Reached XP level 11. HP: 67/67 MP: 18/18
 15740 | D:7      | Identified the +9 mace of the Firefly {spect, Dex+7}
 16170 | Lair:2   | Reached **** piety under Vehumet
 16181 | Lair:2   | Found a dark tunnel.
 16318 | Volcano  | Entered a volcano
 16444 | Lair:2   | Offered knowledge of Fireball by Vehumet.
 16588 | Lair:2   | Noticed Gastronok
 16610 | Lair:2   | Killed Gastronok
 16611 | Lair:2   | Reached skill level 10 in Dodging
 16959 | Lair:2   | Found a runed translucent door.
 16960 | Lair:2   | Found a shimmering altar of Xom.
 16960 | Lair:2   | Noticed Sekkong's ghost (journeyman MiFi)
 16961 | Lair:2   | Noticed a +0 broad axe of chaos
 17042 | Lair:2   | Reached skill level 5 in Fighting
 17042 | Lair:2   | Reached XP level 12. HP: 71/77 MP: 20/20
 17485 | Lair:3   | Noticed a four-headed hydra
 17490 | Lair:3   | Killed a four-headed hydra
 17559 | Lair:3   | Noticed a five-headed hydra
 17564 | Lair:3   | Killed a five-headed hydra
 17976 | Lair:3   | Found a staircase to the Shoals.
 18278 | Lair:3   | Found a large runed translucent door.
 18278 | Lair:3   | Found a large runed translucent door.
 18282 | Lair:3   | Noticed dolemite99's ghost (journeyman MiGl)
 18349 | Lair:4   | Noticed a six-headed hydra
 18353 | Lair:4   | Killed a six-headed hydra
 18354 | Lair:4   | Reached skill level 11 in Dodging
 18365 | Lair:4   | Noticed a catoblepas
 18374 | Lair:4   | Killed a catoblepas
 18531 | Lair:4   | Found a frozen archway.
 18618 | IceCv    | Entered an ice cave
 18753 | IceCv    | Reached XP level 13. HP: 83/83 MP: 24/24
 18766 | IceCv    | Reached ***** piety under Vehumet
 19370 | IceCv    | HP: 1/124 [ice statue] (10)]
 19826 | Lair:4   | Offered knowledge of Flame Wave by Vehumet.
 19868 | Lair:4   | Found a hole to the Spider Nest.
 20934 | Lair:4   | Upgraded the game from 0.29-a0-393-g47a863cc1b to
                  | 0.29-a0-397-g846e4a0bbc
 20944 | Lair:4   | Learned a level 5 spell: Lee's Rapid Deconstruction
 21067 | Lair:5   | Reached skill level 1 in Earth Magic
 21188 | Lair:5   | Reached skill level 12 in Dodging
 21376 | Lair:5   | Identified the +1 war axe "Yfoog" {vamp, rPois Str+3
                  | Stlth+}
 22089 | Lair:6   | Entered Level 6 of the Lair of Beasts
 22118 | Lair:6   | Found a staircase to the Slime Pits.
 22286 | Lair:6   | Found a runed translucent gate.
 22286 | Lair:6   | Found a runed translucent gate.
 22311 | Lair:6   | Noticed pyrow613's ghost (journeyman DgCj)
 22312 | Lair:6   | Found a runed translucent gate.
 22312 | Lair:6   | Identified the +8 plate armour "Tuof" {+Blink Dex+7}
 22689 | Lair:6   | Found a snail-covered altar of Cheibriados.
 23224 | Lair:6   | Reached XP level 14. HP: 90/90 MP: 26/26
 23413 | Lair:6   | Reached skill level 10 in Evocations
 23474 | Lair:6   | Reached skill level 15 in Poison Magic
 23513 | Lair:6   | Learned a level 4 spell: Dispel Undead
 23867 | Lair:6   | Reached skill level 1 in Necromancy
 24121 | D:9      | Reached skill level 13 in Dodging
 24915 | D:10     | Entered Level 10 of the Dungeon
 24936 | D:10     | Found a blossoming altar of Fedhas.
 25018 | D:10     | Offered knowledge of Freezing Cloud by Vehumet.
 26525 | D:10     | Found a basalt altar of Yredelemnul.
 26527 | D:10     | Found a shimmering altar of Xom.
 26531 | D:10     | Found a glowing silver altar of Zin.
 27332 | D:10     | Found a staircase to the Orcish Mines.
 27538 | Orc:1    | Entered Level 1 of the Orcish Mines
 27718 | Orc:2    | Entered Level 2 of the Orcish Mines
 28440 | Orc:2    | Reached skill level 14 in Dodging
 28520 | Orc:2    | Found Diekh's Distillery.
 28520 | Orc:2    | Found Hoacezai's Antique Weapon Boutique.
 28541 | Orc:2    | Bought a potion of heal wounds for 70 gold pieces
 28541 | Orc:2    | Bought a potion of mutation for 112 gold pieces
 28541 | Orc:2    | Bought a potion of mutation for 112 gold pieces
 28628 | Orc:2    | Offered knowledge of Irradiate by Vehumet.
 28676 | Orc:2    | Found Nyclys's General Store.
 28676 | Orc:2    | Found Lueluogg's Antique Weapon Boutique.
 28841 | Orc:2    | Bought a potion of heal wounds for 70 gold pieces
 28841 | Orc:2    | Bought a potion of mutation for 112 gold pieces
 28841 | Orc:2    | Bought a scroll of identify for 28 gold pieces
 28847 | Orc:2    | Found a staircase to the Elven Halls.
 29304 | Spider:1 | Entered Level 1 of the Spider Nest
 29320 | Spider:1 | Reached XP level 15. HP: 97/97 MP: 27/27
 29800 | Shoals:1 | Entered Level 1 of the Shoals
 30551 | Shoals:1 | Found a transporter.
 30560 | Shoals:1 | Found a transporter.
 30590 | Shoals:1 | Noticed Laraso's ghost (adept DjGl)
 30591 | Shoals:1 | Found a bloodstained altar of Trog.
 30609 | Shoals:1 | Learned a level 5 spell: Irradiate
 30920 | Shoals:1 | Reached skill level 10 in Spellcasting
 31083 | Shoals:1 | Found Pugaschyu's Armour Boutique.
 31467 | Shoals:2 | Found Foucoasi's Antique Armour Emporium.
 31650 | Shoals:2 | Identified the ring of the Echidna {rPois Str+5}
 31911 | Shoals:2 | Found a transporter.
 32097 | Shoals:2 | Noticed Nuroishry's ghost (adept TrMo)
 32143 | Shoals:2 | Found a transporter.
 32397 | Shoals:2 | Offered knowledge of Lightning Bolt by Vehumet.
 32717 | Shoals:2 | Found Ymump's Armour Emporium.
 32802 | Shoals:2 | Found Hufai's Magic Scroll Shoppe.
 32965 | Shoals:2 | Found Fari's Magic Scroll Shop.
 32975 | Shoals:2 | Bought a scroll of teleportation for 36 gold pieces
 32975 | Shoals:2 | Bought a scroll of teleportation for 36 gold pieces
 32975 | Shoals:2 | Bought a scroll of blinking for 90 gold pieces
 32975 | Shoals:2 | Bought a scroll of teleportation for 36 gold pieces
 32975 | Shoals:2 | Acquired a staff of poison
 33187 | Shoals:2 | Found Hekhum's Jewellery Boutique.
 33232 | Shoals:2 | Bought a scroll of silence for 90 gold pieces
 33474 | Shoals:3 | Reached skill level 15 in Dodging
 33613 | Shoals:3 | Reached XP level 16. HP: 91/104 MP: 29/31
 33697 | Shoals:3 | Reached skill level 10 in Stealth
 33759 | Shoals:3 | Found Nud Zahi's Weapon Boutique.
 33767 | Shoals:3 | Reached skill level 5 in Staves
 33861 | Shoals:3 | HP: 3/105 [cloud of flame (27)]
 35692 | Shoals:4 | Entered Level 4 of the Shoals
 36934 | Shoals:4 | Reached skill level 16 in Dodging
 37152 | Shoals:4 | Offered knowledge of Iskenderun's Battlesphere by Vehumet.
 37697 | Shoals:4 | Got a barnacled rune of Zot
 38663 | Shoals:4 | Reached XP level 17. HP: 114/114 MP: 32/32
 38871 | Spider:1 | Reached skill level 10 in Fighting
 39917 | Spider:2 | Reached skill level 17 in Dodging
 41575 | Spider:2 | Learned a level 7 spell: Dragon Form
 41837 | Spider:2 | Identified the +5 flail of a Gauntlet {flame, rElec rF++
                  | Str+4 Stlth+}
 42529 | Spider:3 | Noticed Asterion
 42659 | Spider:3 | Reached ****** piety under Vehumet
 42865 | Spider:3 | Offered knowledge of Ozocubu's Refrigeration by Vehumet.
 43403 | Spider:3 | Killed Asterion
 44037 | Spider:4 | Entered Level 4 of the Spider Nest
 44601 | Spider:4 | Identified the +4 kite shield "Urinuwn" {rF+ Dex+2}
 44601 | Spider:4 | Noticed Donald
 44609 | Spider:4 | Killed Donald
 44657 | Spider:4 | Noticed Nikola
 44665 | Spider:4 | Killed Agnes
 44670 | Spider:4 | Killed Nikola
 44671 | Spider:4 | Reached skill level 18 in Dodging
 44975 | Spider:4 | Reached XP level 18. HP: 99/124 MP: 29/34
 45591 | Spider:4 | Acquired 954 gold pieces
 45649 | Spider:4 | Offered knowledge of Lehudib's Crystal Spear by Vehumet.
 46943 | Spider:4 | Got a gossamer rune of Zot
 47046 | Spider:4 | Identified the +0 hat "Onure" {Harm rC- Int+4 Dex+6}
 47364 | Elf:1    | Entered Level 1 of the Elven Halls
 47515 | Elf:1    | Found Peleshae's Magic Scroll Shoppe.
 47515 | Elf:1    | Found Iruesuk's Weapon Emporium.
 47673 | Elf:1    | Found Adutzono's Armour Emporium.
 47728 | Elf:1    | Found Jeuvipli's Book Shoppe.
 47735 | Elf:1    | Bought a scroll of teleportation for 57 gold pieces
 47735 | Elf:1    | Bought a scroll of teleportation for 57 gold pieces
 47735 | Elf:1    | Bought a scroll of summoning for 180 gold pieces
 47784 | Elf:1    | Found Ovarapru's Assorted Antiques.
 47788 | Elf:1    | Bought a shiny tourmaline ring for 165 gold pieces
 47959 | Elf:1    | Reached skill level 1 in Unarmed Combat
 48243 | Elf:1    | Paralysed by an air elemental for 1 turns
 48601 | Elf:1    | Got Mara's Guide on the Escort
 48647 | Elf:1    | Identified the +0 pair of boots of Noon {Slay+3}
 48999 | Elf:1    | Noticed Louise
 49290 | Elf:1    | Killed Louise
 49290 | Elf:1    | Found a radiant altar of Vehumet.
 49521 | Elf:2    | Found a runed translucent gate.
 49522 | Elf:2    | Found a runed translucent gate.
 49522 | Elf:2    | Found a runed translucent gate.
 49573 | Elf:2    | Reached XP level 19. HP: 131/131 MP: 27/36
 49717 | Elf:2    | Offered knowledge of Fire Storm by Vehumet.
 49717 | Elf:2    | Offered knowledge of Shatter by Vehumet.
 49717 | Elf:2    | Offered knowledge of Chain Lightning by Vehumet.
 49991 | Elf:2    | Found Diahunn's Weapon Emporium.
 50171 | Elf:2    | Reached skill level 19 in Dodging
 50446 | Elf:3    | Entered Level 3 of the Elven Halls
 50459 | Elf:3    | Learned a level 5 spell: Manifold Assault
 50616 | Elf:3    | Found a magical portal.
 50621 | WizLab   | Entered Iskenderun's Mystic Tower
 50780 | WizLab   | Reached skill level 1 in Translocations
 53142 | WizLab   | Reached skill level 10 in Transmutations
 54032 | WizLab   | Identified the +3 leather armour "Naruudomm" {Dex+3}
 54060 | WizLab   | Got Iskenderun's Catalogue of Conjuration
 54060 | WizLab   | Got Iskenderun's Collected Works on Combat Magic
 54273 | Elf:3    | Identified the +4 flail "Epiluoz" {venom, rPois Will+
                  | Dex-5}
 54284 | Elf:3    | Reached skill level 5 in Unarmed Combat
 54299 | Elf:3    | Paralysed by an air elemental for 1 turns
 54525 | Elf:3    | Identified the +0 robe of Immorality {rC+ Stlth+}
 55095 | Elf:3    | Identified the +1 plate armour of Imonkiat {rPois rF+
                  | Dex+4}
 55196 | Elf:3    | Identified the +5 quarterstaff of the Briny Deep {vorpal,
                  | Will+ Int-5 Dex+4}
 55848 | Elf:3    | Identified the +4 mace of Nuostuzi {venom, rC+ rN+ Int-5
                  | Dex+4}
 55850 | Elf:3    | Identified the +3 hand axe of Dividends {pain, *Corrode
                  | Int+6}
 55863 | Elf:3    | Reached skill level 5 in Translocations
 56570 | Elf:3    | Reached XP level 20. HP: 141/141 MP: 30/37
 57299 | Elf:3    | Identified the amulet "Wutasaem" {Acrobat Int+3}
 57595 | Elf:3    | Identified the +0 cloak of Marbles {+Blink Stlth+}
 57656 | Elf:3    | Identified the +11 shortbow "Ruyfias" {flame, rC+ rCorr
                  | Int+3 Dex-4}
 57661 | Elf:3    | Identified the +5 hunting sling "Undertaker" {venom, Contam
                  | rCorr SInv}
 57710 | Elf:3    | Got Loenaol's Volume of Congealing Evil Rites
 58696 | Shoals:2 | Identified the ring of the Clam {rCorr Dex+4 SInv Stlth+}
 58715 | Shoals:2 | Killed Nuroishry's ghost
 59153 | Shoals:1 | Killed Laraso's ghost
 59627 | Slime:1  | Entered Level 1 of the Pits of Slime
 60022 | D:8      | Killed CowFu's ghost
 61595 | D:12     | Found a gate leading to a gauntlet.
 61655 | Gauntlet | Entered a Gauntlet
 61655 | Gauntlet | Found a transporter.
 61655 | Gauntlet | Found a transporter.
 61655 | Gauntlet | Found a transporter.
 61656 | Gauntlet | Found a transporter.
 61660 | Gauntlet | Found a transporter.
 61661 | Gauntlet | Found a transporter.
 61666 | Gauntlet | Found a transporter.
 61668 | Gauntlet | Found a transporter.
 61669 | Gauntlet | Found a transporter.
 61671 | Gauntlet | Found a transporter.
 61680 | Gauntlet | Found a transporter.
 61680 | Gauntlet | Found a transporter.
 61764 | Gauntlet | Found a runed translucent door.
 61981 | Gauntlet | Identified the ring of Cenwura {rF+ AC+4 Str+5 Int+4
                  | Slay-4}
 62011 | Gauntlet | Identified the +11 pearl dragon scales of the Grue {rF++
                  | rN+ SInv}
 62011 | Gauntlet | Identified the +0 kite shield "Ucuushutz" {Rampage}
 62027 | Gauntlet | Identified the +6 troll leather armour of Ufusac {rPois rC+
                  | Regen+}
 62035 | Gauntlet | Got the Catalogue of Displacement and Hexes
 62580 | D:12     | Found a portal to a secret trove of treasure.
 63990 | D:14     | Found a gate to the Vaults.
 64286 | D:14     | Found a stormy altar of Qazlal.
 64286 | D:14     | Identified the +1 rapier of Analysis {freeze, *Slow rF+
                  | Will+}
 64332 | D:14     | Reached skill level 10 in Unarmed Combat
 64950 | D:15     | Entered Level 15 of the Dungeon
 64969 | D:15     | Identified the ring "Ecoesoo" {*Slow rElec rC+ Str+4}
 65436 | D:15     | Noticed Rupert
 65442 | D:15     | Killed Rupert
 65625 | D:15     | Identified the +1 robe "Igilelosu" {rC+}
 65649 | D:15     | Found Echyut's Armour Emporium.
 65891 | D:15     | Found a staircase to the Depths.
 66132 | Depths:1 | Entered Level 1 of the Depths
 66132 | Depths:1 | Identified the +0 tower shield "Uffir" {+Blink rF++ rCorr
                  | Dex-3}
 66132 | Depths:1 | Found a one-way gateway to a ziggurat.
 66577 | Depths:1 | Acquired 1213 gold pieces
 66945 | Depths:1 | Reached XP level 21. HP: 147/147 MP: 6/38
 67467 | Depths:1 | Found a runed translucent door.
 67532 | Depths:1 | Identified the +9 halberd of the Crafting Ancients {freeze,
                  | rC++ Int+4}
 67642 | Depths:1 | Found a gateway to Hell.
 68009 | Shoals:2 | Bought a scroll of enchant weapon for 90 gold pieces
 68009 | Shoals:2 | Bought a scroll of enchant weapon for 90 gold pieces
 68009 | Shoals:2 | Bought a scroll of enchant weapon for 90 gold pieces
 68263 | D:12     | You paid a toll of a +5 demon whip to enter a treasure
                  | trove
 68264 | Trove    | Entered a treasure trove
 68276 | Trove    | Identified the ring of Lounuar {rElec rF++ rC+ Int-2}
 68282 | Trove    | Identified the +0 eveningstar of the Gazing Oracle {spect,
                  | Str+2 Int+3 Stlth+}
 68490 | Vaults:1 | Entered Level 1 of the Vaults
 69104 | Vaults:1 | Found Orurovae's Armour Boutique.
 70406 | Vaults:2 | Gained mutation: Your magical capacity is low. (-10% MP)
                  | [mutagenic glow]
 70934 | Vaults:2 | Reached skill level 15 in Fighting
 71046 | Vaults:2 | Reached XP level 22. HP: 157/157 MP: 18/36
 71687 | Vaults:2 | Reached skill level 20 in Dodging
 73962 | Vaults:3 | Identified the ring of the Townfolk {Drain +Blink rPois
                  | rC+}
 74195 | Vaults:3 | Found a runed translucent gate.
 74195 | Vaults:3 | Found a runed translucent gate.
 74195 | Vaults:3 | Found a runed translucent gate.
 74195 | Vaults:3 | Noticed Qemeisho's ghost (master DsGl)
 74197 | Vaults:3 | Identified the +1 plate armour of Cuotoixa {Will- Int+7
                  | SInv}
 75170 | Vaults:3 | Acquired the +2 shield of Resistance {rF++ rC++ Will++}
 75170 | Vaults:3 | Found the +2 shield of Resistance {rF++ rC++ Will++}
 75172 | Vaults:3 | Acquired the +9 staff of Olgreb {rPois∞}
 75172 | Vaults:3 | Found the +9 staff of Olgreb {rPois∞}
 75580 | Vaults:3 | Found a staircase to the Crypt.
 75580 | Vaults:3 | Found a basalt altar of Yredelemnul.
 75580 | Vaults:3 | Found an ancient bone altar of Kikubaaqudgha.
 75737 | Vaults:3 | Killed Qemeisho's ghost
 76090 | Vaults:4 | Reached skill level 15 in Spellcasting
 76091 | Vaults:4 | Reached XP level 23. HP: 162/162 MP: 29/37
 76408 | Vaults:4 | Noticed Frederick
 76408 | Vaults:4 | Noticed Sojobo
 76414 | Vaults:4 | Killed Frederick
 76418 | Vaults:4 | Paralysed by an air elemental for 1 turns
 76421 | Vaults:4 | Paralysed by an air elemental for 1 turns
 76425 | Vaults:4 | Paralysed by an air elemental for 1 turns
 76428 | Vaults:4 | Paralysed by an air elemental for 1 turns
 77157 | Vaults:4 | Killed Sojobo
 77309 | Vaults:4 | Learned a level 6 spell: Death Channel
 77972 | Vaults:4 | Found a runed translucent gate.
 77972 | Vaults:4 | Found a runed translucent gate.
 77972 | Vaults:4 | Found a runed translucent gate.
 78240 | Vaults:4 | Noticed Galytir's ghost (adept HOFi)
 78259 | Vaults:4 | Killed Galytir's ghost
 78364 | Vaults:4 | Identified the +0 pair of boots of Leaves {Harm +Blink
                  | rCorr}
 78432 | Vaults:5 | Entered Level 5 of the Vaults
 78699 | Vaults:4 | Reached skill level 15 in Unarmed Combat
 78699 | Vaults:4 | Reached skill level 10 in Translocations
 78896 | Vaults:4 | Reached skill level 21 in Dodging
 79184 | Vaults:5 | Noticed Xtahua
 79187 | Vaults:5 | Killed Xtahua
 79403 | Vaults:5 | Got a silver rune of Zot
 79956 | Vaults:5 | Noticed a dread lich
 79966 | Vaults:5 | Killed a dread lich
 80415 | Vaults:5 | Reached XP level 24. HP: 171/171 MP: 14/38
 81115 | Vaults:5 | Noticed a caustic shrike
 81118 | Vaults:5 | Killed a caustic shrike
 82465 | Vaults:5 | Identified the +3 longbow "Dragon's Tongue" {vorpal, Fly
                  | rCorr Int+7 Dex-4}
 82467 | Vaults:5 | Identified the +1 flail of the Stopping Blowfly {holy, rC+}
 83541 | Depths:2 | Noticed a caustic shrike
 83548 | Depths:2 | Killed a caustic shrike
 83833 | Depths:2 | Identified the +9 morningstar "Newtslayer" {protect, *Rage
                  | Str+6 Int+3}
 84069 | Depths:2 | Identified the +8 scimitar of Tension {vorpal, Fragile
                  | rF+++ Str+3 Dex-5}
 84363 | Depths:2 | Found a one-way gate leading to the halls of Pandemonium.
 85477 | Depths:3 | Noticed a juggernaut
 85484 | Depths:3 | Killed a juggernaut
 85485 | Depths:3 | Reached XP level 25. HP: 178/178 MP: 30/39
 85767 | Depths:3 | Noticed Mara
 85866 | Depths:3 | Found a one-way gate to the infinite horrors of the Abyss.
 86016 | Depths:3 | Found a hazy altar of Hepliaklqana.
 86400 | Depths:3 | Killed Mara
 86654 | Depths:4 | Entered Level 4 of the Depths
 86658 | Depths:4 | Reached skill level 15 in Translocations
 87375 | Depths:4 | Found a gate to the Realm of Zot.
 88604 | Crypt:1  | Entered Level 1 of the Crypt
 89791 | Hell     | Entered the Vestibule of Hell
 89791 | Hell     | Noticed Geryon
 89805 | Hell     | Killed Geryon
 89972 | Hell     | Gained mutation: You are occasionally teleported next to
                  | monsters. [a cacodemon]
 89975 | Hell     | Gained mutation: You are weak. (Str -2) [a cacodemon]
 90093 | Depths:1 | Lost mutation: Your magical capacity is low. (-10% MP)
                  | [potion of mutation]
 90093 | Depths:1 | Lost mutation: You are weak. (Str -2) [potion of mutation]
 90093 | Depths:1 | Lost mutation: You are occasionally teleported next to
                  | monsters. [potion of mutation]
 90093 | Depths:1 | Gained mutation: You are strong-willed. (Will+) [potion of
                  | mutation]
 90093 | Depths:1 | Gained mutation: Your flesh is heat resistant. (rF+)
                  | [potion of mutation]
 90093 | Depths:1 | Gained mutation: Your muscles are strong. (Str +2) [potion
                  | of mutation]
 90281 | Hell     | Found a gateway to the freezing wastes of Cocytus.
 90375 | Hell     | Found a gateway to the decaying netherworld of Tartarus.
 90563 | Hell     | Reached skill level 22 in Dodging
 90567 | Hell     | Found a gateway to the ashen valley of Gehenna.
 90700 | Hell     | Found a gateway to the Iron City of Dis.
 91045 | Geh:1    | Entered Level 1 of Gehenna
 91191 | Geh:1    | Noticed an ancient lich
 91195 | Geh:1    | Killed an ancient lich
 91196 | Geh:1    | Reached XP level 26. HP: 187/187 MP: 19/43
 91789 | Geh:3    | Noticed a dread lich
 91792 | Geh:3    | Killed a dread lich
 92252 | Geh:3    | Noticed a dread lich
 92258 | Geh:3    | Killed a dread lich
 93242 | Geh:5    | Reached skill level 23 in Dodging
 93273 | Geh:5    | Noticed a dread lich
 93288 | Geh:5    | Killed a dread lich
 93651 | Geh:6    | Reached skill level 24 in Dodging
 93930 | Geh:6    | Gained mutation: You are frail. (-10% HP) [mutagenic glow]
 93943 | Geh:6    | Gained mutation: Your spells are a little easier to cast,
                  | but a little less powerful. [mutagenic glow]
 93998 | Geh:6    | Lost mutation: Your flesh is heat resistant. (rF+) [potion
                  | of mutation]
 93998 | Geh:6    | Lost mutation: Your muscles are strong. (Str +2) [potion of
                  | mutation]
 93998 | Geh:6    | Gained mutation: You are agile. (Dex +2) [potion of
                  | mutation]
 93998 | Geh:6    | Lost mutation: Your spells are a little easier to cast, but
                  | a little less powerful. [potion of mutation]
 94000 | Geh:6    | Lost mutation: You are agile. (Dex +2) [potion of mutation]
 94000 | Geh:6    | Lost mutation: You are frail. (-10% HP) [potion of
                  | mutation]
 94000 | Geh:6    | Lost mutation: You are strong-willed. (Will+) [potion of
                  | mutation]
 94000 | Geh:6    | Gained mutation: You are partially covered in iridescent
                  | scales. (AC +2) [potion of mutation]
 94000 | Geh:6    | Gained mutation: You are mostly covered in iridescent
                  | scales. (AC +4) [potion of mutation]
 94003 | Geh:7    | Entered Level 7 of Gehenna
 94404 | Geh:7    | Noticed the Serpent of Hell
 94412 | Geh:7    | Reached XP level 27. HP: 172/172 MP: 36/43
 94419 | Geh:7    | Killed the Serpent of Hell
 94764 | Geh:7    | Identified the +4 shortbow "Ragiohayce" {freeze, Contam
                  | Str+3 Int+4}
 94780 | Geh:7    | Identified the +1 hand crossbow of Optimality {penet,
                  | Fragile rF++ Stlth+}
 94781 | Geh:7    | Identified the +3 flail of Royalism {vorpal, Dex+3}
 95098 | Geh:7    | Found the +7 sceptre of Asmodeus
 95098 | Geh:7    | Noticed Asmodeus
 95116 | Geh:7    | Killed Asmodeus
 95131 | Geh:7    | Got an obsidian rune of Zot
 95726 | Pan      | Entered Pandemonium
 95839 | Pan      | Noticed Qamneato the pandemonium lord
 95858 | Pan      | Killed Qamneato the pandemonium lord
 96179 | Pan      | Noticed Zogifoor the pandemonium lord
 96185 | Pan      | Killed Zogifoor the pandemonium lord
 96935 | Pan      | Gained mutation: You are frail. (-10% HP) [a cacodemon]
 96937 | Pan      | Lost mutation: You are frail. (-10% HP) [potion of
                  | mutation]
 96937 | Pan      | Lost mutation: You are mostly covered in iridescent scales.
                  | (AC +4) [potion of mutation]
 96937 | Pan      | Lost mutation: You are partially covered in iridescent
                  | scales. (AC +2) [potion of mutation]
 96937 | Pan      | Gained mutation: Your natural rate of healing is unusually
                  | fast. [potion of mutation]
 97414 | Pan      | Noticed Vatymudgh the pandemonium lord
 97417 | Pan      | Entered the realm of Lom Lobon.
 98344 | Pan      | Noticed Lom Lobon
 98361 | Pan      | Killed Lom Lobon
 98411 | Pan      | Got a magical rune of Zot
 98728 | Pan      | Entered the realm of Mnoleg.
 98735 | Pan      | Found an exit through the horrors of the Abyss.
 98775 | Pan      | Gained mutation: You are frail. (-10% HP) [a neqoxec]
 98865 | Pan      | Noticed Mnoleg
 98866 | Pan      | Gained mutation: You are weak. (Str -2) [a neqoxec]
 98878 | Pan      | Killed Mnoleg
 99047 | Pan      | Gained mutation: You tend to lose your temper in combat. [a
                  | shining eye]
 99053 | Pan      | Gained mutation: You expend magic power (3 MP) to
                  | strengthen your wands. [a neqoxec]
 99089 | Pan      | Got a glowing rune of Zot
 99229 | Pan      | Entered the realm of Gloorx Vloq.
 99802 | Pan      | Lost mutation: You are frail. (-10% HP) [potion of
                  | mutation]
 99802 | Pan      | Lost mutation: You tend to lose your temper in combat.
                  | [potion of mutation]
 99802 | Pan      | Lost mutation: You are weak. (Str -2) [potion of mutation]
 99802 | Pan      | Gained mutation: Your body sometimes deteriorates upon
                  | taking damage. [potion of mutation]
 99879 | Pan      | Noticed Gloorx Vloq
100377 | Pan      | Found an exit through the horrors of the Abyss.
100668 | Pan      | HP: 9/203 [??? (6)]
100668 | Pan      | Mangled by an Executioner

Illustrated notes

Levels and vault maps discovered:
D:1:      lemuel_arrival_muddy, layout_loops_ring, serial_shops, shop,
          minmay_domino_2
D:2:      layout_loops_ring, minmay_goblin_kobold_house, uniq_robin
D:3:      minmay_diamond_boxcup, layout_basic
D:4:      layout_rooms, mainiacjoe_overflow_paths, serial_forest,
          infiniplex_forest_lined_room_2, infiniplex_forest_clump_tiny,
          infiniplex_forest_clump_large, infiniplex_forest_clump_cross,
          minmay_hollow_rounded_squares
D:5:      layout_basic, minmay_temple_entry_statues_pillars,
          nicolae_ossuary_entry_monument, kennysheep_cross_room
D:6:      layout_gridville, gammafunk_temple_overflow_claw, uniq_sigmund,
          uniq_maggie
D:7:      layout_basic, nicolae_shop_dragon_depot, uniq_duvessa,
          uniq_crazy_yiuf_cottage
D:8:      layout_basic, minmay_lair_entry_grove, gammafunk_ghost_icy
D:9:      cheibrodos_statue_roulette, layout_basic
D:10:     minmay_the_grid_4x2 [minmay_the_grid_all_tris,
          minmay_the_grid_minigrid_small, minmay_the_grid_gridbox,
          minmay_the_grid_plusring, minmay_the_grid_diamond_grid,
          minmay_the_grid_holed_spiral, minmay_the_grid_paths,
          minmay_the_grid_prize_big_room], layout_small_grid,
          lemuel_doored_altar, grunt_temple_overflow_diamond, orc_0_dummy,
          chequers_garden, kennysheep_generic_room_5
D:11:     layout_basic
D:12:     layout_irregular_city, enter_trove_2, gauntlet_entry_generic
D:13:     layout_loops_cross, chequers_big_river, lemuel_flamethrower_2
D:14:     layout_basic, david_vaults_5, grunt_qazlal_clouds
D:15:     grunt_enter_depths_magical_seal, layout_cave_pools, serial_shops,
          shop, serial_bayou_lagoon_a, minmay_microvault, uniq_rupert
Temple:   eino_temple_lava
Lair:1:   layout_roguey, chequers_serial_rivers_large_b
Lair:2:   layout_regular_city, ebering_ghost_xom, nicolae_volcano_entry_batcave,
          uniq_gastronok
Lair:3:   layout_hall_layers, minmay_shoals_entry_centaurs,
          ebering_ghost_disaster_area
Lair:4:   layout_layer_cave, nicolae_spider_entry_orb_guardian,
          portal_ice_cave_entry_ice_simulacra
Lair:5:   layout_cave_pods, infiniplex_staircase_pool_2, grunt_megastairs_5
Lair:6:   gammafunk_lair_ancient_temple, layout_gridlike,
          minmay_slime_entry_oklob_open, ebering_ghost_rock_garden,
          kennysheep_snail_temple
Shoals:1: layout_shoals, serial_shops, nicolae_shop_hallway_stairs,
          gammafunk_ghost_wrathful_warriors
Shoals:2: layout_shoals, gammafunk_ghost_berserking_beasts, serial_shops,
          nicolae_lakefront_shop, shop_coins, shop, shop,
          nicolae_shop_advertising_works [nicolae_subvault_shop_adworks]
Shoals:3: layout_shoals, serial_shops, shop, nicolae_shoals_circle_sea_wall
Shoals:4: shoals_end_simple, layout_shoals
Spider:1: layout_spider_delve, nicolae_spider_spiderdrome
Spider:2: nicolae_spider_hilbert_zone_3 [nicolae_spider_hilbert_4_sides_2_open,
          nicolae_spider_hilbert_3_sides_1_open,
          nicolae_spider_hilbert_3_sides_1_open,
          nicolae_spider_hilbert_3_sides_1_open,
          nicolae_spider_hilbert_3_sides_1_open,
          nicolae_spider_hilbert_4_sides_1_open,
          nicolae_spider_hilbert_4_sides_1_open,
          nicolae_spider_hilbert_4_sides_1_open,
          nicolae_spider_hilbert_4_sides_1_open,
          nicolae_spider_hilbert_4_sides_1_open,
          nicolae_spider_hilbert_4_sides_1_open,
          nicolae_spider_hilbert_4_sides_1_open,
          nicolae_spider_hilbert_4_sides_1_open,
          nicolae_spider_hilbert_3_sides_1_open,
          nicolae_spider_hilbert_3_sides_1_open,
          nicolae_spider_hilbert_3_sides_1_open,
          nicolae_spider_hilbert_3_sides_1_open], guppyfry_spider_mini_3
Spider:3: layout_chambers, hangedman_spider_mandibles, uniq_asterion
Spider:4: guppyfry_spider_rune, uniq_agnes, uniq_nikola, uniq_donald
Slime:1:  layout_caves, cheibrodos_slime_lost_civilization_4
Orc:1:    layout_caves, bh_open_orc_temple
Orc:2:    st_orc_town, layout_caves, mines1_david
Elf:1:    eino_elf_arrival_sip, layout_rooms, serial_shops, shop,
          minmay_elf_demonology, minmay_shoptagon, lemuel_upstairs_altar,
          uniq_louise
Elf:2:    nicolae_elf_blades_crystal_corner, layout_geoelf_octagon,
          serial_shops, nicolae_shop_trees, hangedman_elven_crosses_minicolossus
Elf:3:    minmay_elf_hall_spiked, layout_gridlike, mu_enter_wizlab_7
Vaults:1: nicolae_vaults_disjoint_gnomons, vaults_room_fancy_cross,
          nicolae_vaults_windows_and_doors_thing, v_misc_23,
          vaults_standard_mumra_enter_the_diamond, v_alt_pattern_1, v_misc_17,
          vaults_room_boxed, v_alt_pattern_6, ontoclasm_vaults_loading_screen,
          v_alt_pattern_6, ontoclasm_vaults_shout, ontoclasm_vaults_gateway,
          grunt_vaults_focal, layout_vaults_maze_snakey, serial_shops,
          shop_coins
Vaults:2: vaults_dpeg_encased_lava, nicolae_vaults_holding_cells, v_misc_8,
          vaults_room_corners, dpeg_vaults_monster_box, vaults_mumra_minichess,
          nicolae_vaults_yaktaur_gun_rack, nicolae_vaults_mini_display_case,
          nicolae_vaults_little_squares_2, grunt_vaults_funnel,
          layout_vaults_chaotic_city
Vaults:3: biasface_ghost_orc_armoury, vaults_room_stairs_pillars,
          nicolae_vaults_three_branches, vaults_room_pool,
          hangedman_vaults_corner_blocks, v_misc_4, vaults_mumra_hex,
          v_alt_pattern_4, vaults_room_corners, vaults_dpeg_spiral,
          hangedman_vaults_stagger, ontoclasm_vaults_idyll,
          hangedman_vaults_capsules, minmay_crypt_entry_necro_gods,
          vaults_dpeg_diagonal, grunt_vaults_hallway_long,
          nicolae_vaults_shelves_hall, layout_vaults_omnicross
Vaults:4: gammafunk_ghost_spectres, hangedman_vaults_locks, v_misc_27,
          sword_in_stone, ontoclasm_vaults_decontamination, vaults_room_fours,
          layout_vaults_omnigrid
Vaults:5: uniq_xtahua
Crypt:1:  layout_misc_corridors, hex_medium
Depths:1: layout_cave_pools, enter_ziggurat_c, grunt_mini_vestibule,
          minmay_crystal_box
Depths:2: cross_vault, layout_cave_pools, grunt_pan_entry_zigzag,
          hangedman_abyss_or_decor_passed, hangedman_tar_grid_catacomb,
          infiniplex_staircase_zigzag_5
Depths:3: minmay_curly_fans, layout_basic, pf_coc_iceberg,
          abyss_entry_small_statue_room, nicolae_hepliaklqana_hippocampus,
          grunt_ministairs_3, infiniplex_staircase_zigzag_3, uniq_margery,
          uniq_mara
Depths:4: grunt_zot_entry_funnels, layout_honeycomb, hell_entry,
          grunt_megastairs_2
Hell
Geh:1:    layout_gehenna_pools_basic, special_room [special_room_morgue]
Geh:2:    layout_gehenna_lava_caves
Geh:3:    layout_gehenna_pools_triple
Geh:4:    layout_gehenna_pools_box
Geh:5:    layout_gehenna_pools_box, special_room [special_room_morgue]
Geh:6:    layout_gehenna_lava_caves
Geh:7:    geh_grunt
Pan:      evilmike_mini_pan_corner, layout_pan_divisions_a
          [pan_division_quadrant_a2, pan_division_quadrant_a4,
          pan_division_quadrant_a1, pan_division_quadrant_a3,
          pan_division_octagon_divided], grunt_pan_pentagram, layout_gridlike,
          special_room [special_room_demon_pit], nicolae_pan_mnolegish_1,
          evilmike_mini_pan_doors_b, layout_cross, rand_demon_2, layout_rooms,
          rand_demon_8, layout_gridlike, lom_lobon_spiral_st,
          layout_pan_divisions_a [pan_division_quadrant_a3,
          pan_division_quadrant_a4, pan_division_quadrant_a4,
          pan_division_quadrant_a3, pan_division_octagon_divided],
          pan_blood_fountain_small, evilmike_mnoleg_eyes, layout_basic,
          evilmike_mini_pan_layers, layout_pan_divisions_a
          [pan_division_quadrant_a4, pan_division_quadrant_a6,
          pan_division_quadrant_a5, pan_division_quadrant_a3,
          pan_division_octagon_empty], gloorx_vloq, layout_basic,
          nicolae_pan_sick_transit

Skill      XL: |  1  2  3  4  5  6  7  8  9 10 11 12 13 14 15 16 17 18 19 20 21 22 23 24 25 26 27 |
---------------+----------------------------------------------------------------------------------+-----
Poison Magic   | 4 5 6 7 8 10 12 13 14 15 | 15.4
Fighting       | 1 3 5 6 7 9 11 12 13 15 16 17 18 20 | 20.7
Dodging        | 3 4 7 8 9 10 11 12 14 15 16 18 19 20 21 22 24 | 24.0
Evocations     | 5 7 9 10 11 | 11.4
Stealth        | 4 5 9 10 | 10.0
Spellcasting   | 4 5 7 8 11 12 13 14 15 16 | 16.3
Transmutations | 3 5 6 7 9 11 13 14 | 14.0
Staves         | 2 4 6 |  6.0
Earth Magic    | 4 |  4.0
Necromancy     | 4 |  4.1
Unarmed Combat | 2 6 12 13 14 15 16 17 18 23 | 23.1
Translocations | 5 6 9 10 14 16 | 16.9

Action                   |  1- 3 |  4- 6 |  7- 9 | 10-12 | 13-15 | 16-18 | 19-21 | 22-24 | 25-27 || total
-------------------------+-------+-------+-------+-------+-------+-------+-------+-------+-------++-------
Melee: Unarmed           |    12 |    10 |    44 |       |       |    40 |  1011 |  1291 |  1823 ||  4231
       Tentacles         |     5 |     2 |    15 |    10 |    31 |    40 |    11 |     3 |     1 ||   118
       Constrict         |     3 |     2 |    10 |     8 |    25 |    37 |    10 |     1 |     1 ||    97
       Punch             |       |       |     1 |       |     2 |     3 |    21 |    28 |    76 ||   131
       Quarterstaff      |       |       |     7 |    17 |       |       |       |       |       ||    24
       Dagger            |       |       |     3 |       |       |       |       |       |       ||     3
       Mace              |       |       |       |    23 |    98 |   101 |    54 |    12 |       ||   288
       Tailslap          |       |       |       |       |       |     6 |    32 |    40 |   117 ||   195
       Bite              |       |       |       |       |       |     5 |    28 |    38 |    88 ||   159
       Halberd           |       |       |       |       |       |       |       |       |    15 ||    15
 Cast: Sting             |    69 |   121 |   418 |     2 |     3 |       |       |       |       ||   613
       Poisonous Vapours |     3 |    87 |    86 |       |       |       |       |       |       ||   176
       Mephitic Cloud    |       |       |    23 |     6 |    18 |    19 |       |       |       ||    66
       Olgreb's Toxic Ra |       |       |    15 |    45 |   218 |   235 |    86 |       |       ||   599
       Ignite Poison     |       |       |    19 |    39 |    92 |   149 |    46 |       |       ||   345
       Eringya's Noxious |       |       |       |    40 |    81 |    65 |    13 |       |       ||   199
       Lee's Rapid Decon |       |       |       |       |    21 |       |       |       |       ||    21
       Dispel Undead     |       |       |       |       |     6 |     3 |     5 |       |       ||    14
       Irradiate         |       |       |       |       |     3 |    26 |       |       |       ||    29
       Dragon Form       |       |       |       |       |       |     5 |    98 |    85 |   110 ||   298
       Manifold Assault  |       |       |       |       |       |       |   475 |   567 |   704 ||  1746
 Abil: Breathe Fire      |       |       |       |       |       |     3 |       |       |       ||     3
       End Transformatio |       |       |       |       |       |     1 |    13 |     8 |    30 ||    52
       Evoke Blink       |       |       |       |       |       |       |       |     3 |     1 ||     4
Evoke: Wand              |       |       |     4 |    12 |     4 |    13 |       |     1 |     2 ||    36
       Box of beasts     |       |       |       |       |     1 |     3 |       |       |       ||     4
       Tin of tremorston |       |       |       |       |     1 |       |       |       |       ||     1
       Lightning rod     |       |       |       |       |       |     1 |       |       |       ||     1
       Condenser vane    |       |       |       |       |       |       |       |     1 |       ||     1
  Use: Scroll            |       |     3 |     9 |    10 |     9 |     6 |    10 |     4 |     7 ||    58
       Potion            |       |     3 |       |     4 |     4 |     2 |       |     1 |     6 ||    20
 Stab: Distracted        |       |     1 |       |       |     1 |       |     2 |       |     3 ||     7
       Paralysed         |       |       |    16 |       |       |       |       |       |       ||    16
       Sleeping          |       |       |     1 |       |     1 |     2 |     6 |       |     1 ||    11
       Confused          |       |       |       |       |       |     1 |       |       |       ||     1
Armor: Skin              |     3 |    12 |    40 |     4 |     1 |    22 |    61 |    74 |    93 ||   310
Dodge: Dodged            |    22 |    57 |   193 |    82 |   313 |   575 |   405 |   418 |   591 ||  2656

Table legend: (Time is in decaauts)
 A = Elapsed time spent in this place.
 B = Non-inter-level travel time spent in this place.
 C = Inter-level travel time spent in this place.
 D = Time resting spent in this place.
 E = Time spent auto-exploring this place.
 F = Levels seen in this place.
 G = Mean time per level.
                   A        B        C        D        E       F      G
               +--------+--------+--------+--------+--------+-----+--------+
         Total | 100154 |  94597 |   5557 |  35095 |  38358 |  69 | 1451.5 |
       Dungeon |  23438 |  21072 |   2366 |   6989 |  10219 |  15 | 1562.5 |
        Temple |     56 |     56 |      0 |      0 |      0 |   1 |   56.0 |
          Lair |  10218 |   9125 |   1093 |   3345 |   3734 |   6 | 1703.0 |
        Shoals |  10237 |   9824 |    413 |   5204 |   2548 |   4 | 2559.2 |
   Spider Nest |   8336 |   8029 |    307 |   3342 |   2829 |   4 | 2084.0 |
    Slime Pits |     74 |     74 |      0 |      0 |      1 |   1 |   74.0 |
  Orcish Mines |   1673 |   1605 |     68 |    424 |    555 |   2 |  836.5 |
   Elven Halls |   7094 |   6936 |    158 |   2999 |   1989 |   3 | 2364.7 |
        Vaults |  14214 |  13605 |    609 |   3870 |   7736 |   5 | 2842.8 |
         Crypt |    929 |    878 |     51 |      4 |    719 |   1 |  929.0 |
        Depths |   7225 |   6874 |    351 |   1584 |   4230 |   4 | 1806.2 |
          Hell |   1109 |   1073 |     36 |    203 |    560 |   1 | 1109.0 |
       Gehenna |   4332 |   4234 |     98 |   1979 |    726 |   7 |  618.9 |
   Pandemonium |   4752 |   4752 |      0 |   1242 |   1947 |   9 |  528.0 |
         Trove |     43 |     43 |      0 |      0 |      0 |   1 |   43.0 |
       Ossuary |   1712 |   1712 |      0 |    717 |     70 |   1 | 1712.0 |
      Ice Cave |    756 |    756 |      0 |    635 |      0 |   1 |  756.0 |
       Volcano |     42 |     42 |      0 |      0 |      0 |   1 |   42.0 |
        Wizlab |   3522 |   3522 |      0 |   2557 |    274 |   1 | 3522.0 |
      Gauntlet |    381 |    381 |      0 |      0 |    221 |   1 |  381.0 |
               +--------+--------+--------+--------+--------+-----+--------+

Top non-repeatable levels by time:
   Elf:3: 3525 daAuts
  WizLab: 3522 daAuts
Shoals:2: 3468 daAuts
Vaults:3: 3238 daAuts
Vaults:4: 3140 daAuts
Spider:3: 3034 daAuts
Vaults:2: 2981 daAuts
Vaults:5: 2837 daAuts
    D:10: 2679 daAuts
Shoals:4: 2551 daAuts
Spider:2: 2389 daAuts
Shoals:1: 2257 daAuts
     D:7: 2251 daAuts
  Lair:4: 2231 daAuts
     D:6: 2087 daAuts
